 Dungeon Crawl Stone Soup version 0.30.0-19-g36f170ea60 (webtiles) character file.

Game seed: 3999702105056482648

351452 Fymir27 the Unseen (level 23, -3/147 (152) HPs)
             Began as a Kobold Enchanter on May 21, 2023.
             Was an Initiate of Gozag.
             Killed by the air
             ... invoked by a titan
              (24 damage)
             ... on level 5 of the Vaults on May 26, 2023.
             The game lasted 09:13:55 (70861 turns).

Fymir27 the Unseen (Kobold Enchanter)              Turns: 70861, Time: 09:13:56

HP:   -3/147 (152)  AC: 12    Str:  9    XL:     23   Next: 25%
MP:   7/48          EV: 46    Int: 24    God:    Gozag
Gold: 4224          SH:  9    Dex: 23    Spells: 3/46 levels left

rFire   + + .        a - +4 dagger "Yhielon" {spect, Dex+2}
rCold   + . .        G - +3 buckler {AC+3}
rNeg    + + .        l - +0 troll leather armour "Sapsiwyta" {rElec Regen+}
rPois   +            n - +1 hat "Veogas" {rPois rF++ Will+ Slay-6}
rElec   +            V - scarf {shadows}
rCorr   +            d - +2 pair of gloves {Stlth+}
SInv    +            I - +0 pair of boots
Will    +....        w - amulet "Duogaq" {Acrobat rN++ MP+9 Str+4 Dex-5}
Stlth   ++++++++++   x - ring of Wosakkin {rC+ Will- Dex+3 SInv}
HPRegen 1.24/turn    Q - ring of the Lobster {+Blink rCorr Dex+4}
MPRegen 0.31/turn

%: acrobat
@: about to teleport, gold aura, acrobatic, lightly drained, bribing [the
Vaults]
A: small, no large weapons, nightstalker 3
}: 2/15 runes: barnacled, gossamer
a: Renounce Religion, Evoke Blink, Potion Petition, Call Merchant, Bribe Branch


You were on level 5 of the Vaults.
You worshipped Gozag.
Gozag was most pleased with you.
You visited 8 branches of the dungeon, and saw 38 of its levels.

You collected 16351 gold pieces.
You spent 2629 gold pieces at shops.
You paid 9498 gold pieces to Gozag.

Inventory:

Hand Weapons
 a - the +4 dagger "Yhielon" (weapon) {spect, Dex+2}
   (You acquired it on level 5 of the Lair of Beasts)

   Dex:       It affects your dexterity (+2).
 b - a +4 rapier of electrocution
 s - a +3 dagger of draining
 S - the +4 whip of War {heavy, rC++ Int+5}
   (You found it on level 9 of the Dungeon)

   Int:       It affects your intelligence (+5).
   rC:        It greatly protects you from cold.
Missiles
 v - a throwing net (quivered)
Armour
 d - a +2 pair of gloves of stealth (worn)
 l - the +0 troll leather armour "Sapsiwyta" (worn) {rElec Regen+}
   (You bought it in a shop on level 2 of the Orcish Mines)

   rElec:     It insulates you from electricity.
   Regen:     It increases your rate of health regeneration.
 n - the +1 hat "Veogas" (worn) {rPois rF++ Will+ Slay-6}
   (You acquired it on level 1 of the Elven Halls)

   Slay:      It affects your accuracy & damage with ranged weapons and melee
   (-6).
   rF:        It greatly protects you from fire.
   rPois:     It protects you from poison.
   Will:      It increases your willpower.
 q - a +2 robe of resistance
 G - a +3 buckler of protection (worn)
 I - a +0 pair of boots (worn)
 V - a scarf of shadows (worn)
 X - the scarf of Anaesthesia {repulsion, Fly rF+ Slay+4}
   (You bought it in a shop on level 2 of the Vaults)

   Slay:      It affects your accuracy & damage with ranged weapons and melee
   (+4).
   rF:        It protects you from fire.
   Fly:       It grants you flight.
Jewellery
 h - a ring of protection from fire
 r - a +5 ring of evasion
 w - the amulet "Duogaq" (around neck) {Acrobat rN++ MP+9 Str+4 Dex-5}
   (You found it on level 4 of the Shoals)

   [amulet of the acrobat]

   It increases your evasion while moving and waiting.
   Str:       It affects your strength (+4).
   Dex:       It affects your dexterity (-5).
   rN:        It greatly protects you from negative energy.
   MP:        It affects your magic capacity (+9).
 x - the ring of Wosakkin (left hand) {rC+ Will- Dex+3 SInv}
   (You found it on level 12 of the Dungeon)

   [ring of protection from cold]

   Dex:       It affects your dexterity (+3).
   rC:        It protects you from cold.
   SInv:      It lets you see invisible.
   Will:      It decreases your willpower.
 F - an amulet of reflection
 L - a +5 ring of evasion
 M - a ring of willpower
 Q - the ring of the Lobster (right hand) {+Blink rCorr Dex+4}
   (You bought it in a shop on level 10 of the Dungeon)

   [ring of resist corrosion]

   Dex:       It affects your dexterity (+4).
   +Blink:    It lets you blink.
   rCorr:     It protects you from acid and corrosion.
 R - an amulet of magic regeneration
 T - a ring of protection from cold
 W - an amulet of regeneration
Wands
 g - a wand of digging (13)
 A - a wand of acid (13)
 B - a wand of iceblast (35)
 E - a wand of polymorph (19)
Scrolls
 e - 10 scrolls of vulnerability
 j - 7 scrolls of poison
 k - 6 scrolls of fog
 o - 4 scrolls of fear
 p - 4 scrolls of immolation
 t - 5 scrolls of blinking
 u - 2 scrolls of teleportation
 z - 8 scrolls of enchant weapon
 N - a scroll of enchant armour
 P - 5 scrolls of magic mapping
 Y - 2 scrolls of silence
Potions
 c - a potion of attraction
 f - 3 potions of heal wounds
 i - a potion of resistance
 m - 18 potions of curing
 y - a potion of haste
 C - a potion of berserk rage
 D - 4 potions of might
 H - 6 potions of ambrosia
 K - 4 potions of brilliance
 O - 3 potions of magic
 U - 3 potions of cancellation
Miscellaneous
 J - a box of beasts
 Z - a phial of floods


   Skills:
 + Level 18.3 Fighting
 - Level 15.3 Short Blades
 - Level 3.0 Armour
 + Level 19.7 Dodging
 + Level 20.2 Stealth
 - Level 5.0 Shields
 - Level 12.1 Spellcasting
 - Level 4.0 Conjurations
 * Level 18.7 Hexes
 - Level 8.4 Translocations
 + Level 6.4 Transmutations
 - Level 6.0 Ice Magic
 - Level 4.0 Air Magic
 - Level 7.0 Evocations


You had 3 spell levels left.
You knew the following spells:

 Your Spells              Type           Power      Damage    Failure   Level
a - Ensorcelled Hibernat  Hex/Ice        100%       N/A       1%          2
b - Confusing Touch       Hex            81%        N/A       0%          3
c - Tukima's Dance        Hex            81%        N/A       0%          3
d - Cause Fear            Hex            40%        N/A       1%          4
e - Enfeeble              Hex            40%        N/A       3%          7
f - Slow                  Hex            100%       N/A       0%          1
g - Ozocubu's Armour      Ice            43%        N/A       2%          3
h - Metabolic Englaciati  Hex/Ice        32%        N/A       1%          5
i - Dazzling Flash        Conj/Hex       100%       N/A       1%          3
j - Swiftness             Air            33%        N/A       4%          3
k - Passage of Golubria   Tloc           53%        N/A       2%          4
l - Yara's Violent Unrav  Hex/Tmut       33%        3d14      1%          5

Your spell library contained the following spells:

 Spells                   Type           Power      Damage    Failure   Level
 Apportation              Tloc           100%       N/A       1%          1
 Beastly Appendage        Tmut           90%        N/A       1%          1
 Magic Dart               Conj           100%       1d8       1%          1
 Shock                    Conj/Air       100%       1d9       1%          1
 Lesser Beckoning         Tloc           100%       N/A       1%          2
 Wereblood                Tmut           45%        N/A       1%          2
 Gell's Gravitas          Tloc           53%        N/A       1%          3
 Portal Projectile        Hex/Tloc       100%       N/A       1%          3
 Searing Ray              Conj           66%        2d6       2%          2
 Frozen Ramparts          Ice            86%        1d13      2%          3
 Foxfire                  Conj/Fire      96%        2x1d8     3%          1
 Passwall                 Tmut/Erth      25%        N/A       3%          2
 Volatile Blastmotes      Fire/Tloc      68%        2d15      4%          3
 Spider Form              Tmut/Pois      30%        N/A       7%          3
 Necrotise                Necr           56%        1d6       9%          1
 Sandblast                Erth           28%        2d8       9%          1
 Summon Small Mammal      Summ           56%        N/A       9%          1
 Stone Arrow              Conj/Erth      48%        3d10      11%         3
 Sublimation of Blood     Necr           14%        N/A       13%         2
 Call Canine Familiar     Summ           14%        N/A       26%         3
 Vampiric Draining        Necr           14%        2d7       26%         3
 Anguish                  Hex/Necr       28%        N/A       1%          4
 Fulminant Prism          Conj/Hex       31%        3d16      1%          4
 Leda's Liquefaction      Hex/Erth       28%        N/A       1%          4
 Manifold Assault         Tloc           53%        N/A       2%          4
 Ice Form                 Ice/Tmut       44%        N/A       6%          4
 Airstrike                Air            16%        2d(3-19)  16%         4
 Petrify                  Tmut/Erth      30%        N/A       22%         4
 Summon Ice Beast         Ice/Summ       28%        N/A       24%         4
 Dispersal                Tloc           26%        N/A       38%         6
 Alistair's Intoxication  Tmut/Pois      20%        N/A       52%         5
 Fireball                 Conj/Fire      12%        3d7       71%         5
 Eringya's Noxious Bog    Tmut/Pois      15%        N/A       98%         6
 Statue Form              Tmut/Erth      20%        N/A       98%         6
 Plasma Beam              Fire/Air       12%        2x1d25    99%         6
 Starburst                Conj/Fire      12%        6d5       99%         6
 Ozocubu's Refrigeration  Ice            21%        4d12      99%         7
 Haunt                    Necr/Summ      7%         N/A       100%        7
 Disjunction              Tloc           26%        N/A       100%        8
 Simulacrum               Ice/Necr       Unusable   N/A       N/A         6

Dungeon Overview and Level Annotations

Branches:
Dungeon (15/15)            Temple (1/1) D:5            Lair (5/5) D:10
 Shoals (4/4) Lair:3       Spider (4/4) Lair:2        Slime (0/5) Lair:5
    Orc (2/2) D:9             Elf (2/3) Orc:2        Vaults (4/5) D:14
  Crypt (0/3) Vaults:2     Depths (0/4) D:15

Altars:
Ashenzari
Cheibriados
Dithmenos
Elyvilon
Fedhas
Gozag
Hepliaklqana
Kikubaaqudgha
Makhleb
Nemelex Xobeh
Okawaru
Qazlal
Ru
Sif Muna
Trog
Uskayaw
Vehumet
Wu Jian
Xom
Yredelemnul
Zin
The Shining One

Shops:
D:4 =   D:10 =   Orc:2 ?*[:   Shoals:4 [=   Vaults:2 (**

Annotations:
D:7 2 transporters
Shoals:4 1 exclusion
Elf:2 3 runed translucent doors
Vaults:4 exclusion: 2 downstairs


Innate Abilities, Weirdness & Mutations

You are small and have problems with some larger weapons.
You are completely attuned to the shadows.


Message History

Unknown command.
The ironbound convoker stares, then turns away, jangling a coin purse.
A titan and an ironbound convoker come into view.
The shadow dragon breathes negative energy at you.
The bolt of negative energy misses you.
The vault warden hits something with a +1 bardiche of protection!
Casting: Enfeeble (dangerous; 3% risk of failure)
Confirm with . or Enter, or press ? or * to list all spells.
Casting: Metabolic Englaciation (mildly dangerous; 1% risk of failure)
Press: ? - help, Dir - look around, f - activate
Okay, then.
Unknown command.
Press: ? - help, v - describe, . - travel
Here: a shadow dragon (lightly wounded, catching its breath, covered in acid)
The floor.
Unknown command.
Unknown command.
Unknown command.
Unknown command.
Unknown command.
Unknown command.
As you read the scroll of teleportation, it crumbles to dust.
You feel strangely unstable.
The vault warden closely misses something.
The shadow dragon bites you!
* * * LOW HITPOINT WARNING * * *
The shadow dragon misses you. The shadow dragon barely misses you.
The shadow dragon attacks as you move away!
The shadow dragon bites you but does no damage.
You block the shadow dragon's attack. The shadow dragon claws you.
* * * LOW HITPOINT WARNING * * *
The titan attacks as you move away! The titan hits you!!
* * * LOW HITPOINT WARNING * * *
You hear a shout! x2
A phantasmal warrior comes into view.
The phantasmal warrior stares, then turns away, jangling a coin purse.
The titan waves its arms in wide circles.
The air twists around and strikes you!!
You die...
Your body crumbles into a pile of gold.

...#Q
....#
......#
p...W....#
p........#
p$.....(##
..D.@|###
..C#### $
#'# ..


You could see a shadow dragon (corroded), a titan and a neutral phantasmal
warrior (wandering).

Vanquished Creatures
  Sojobo (Vaults:3)
  Boris (Vaults:3)
  A golden dragon (Vaults:5)
  Nikola (Shoals:1)
  Mlioglotl (Shoals:2)
  A lich (Vaults:5)
  2 krakens
  Polyphemus (Shoals:2)
  6 sphinxes
  Kirke (Shoals:2)
  2 tengu reavers (Vaults:3)
  A storm dragon (Vaults:5)
  A deep elf sorcerer (Vaults:5)
  4 emperor scorpions
  The ghost of Sensen the Thaumaturge, a journeyman DgEE (Orc:1)
  10 vault wardens
  5 ghost moths
  Louise (D:14)
  Aizul (Lair:3)
  3 orc warlords
  A ghoul (Vaults:2)
  8 very ugly things
  A war gargoyle (Vaults:4)
  3 broodmothers (Spider:1)
  9 ironbound preservers
  9 ironbound thunderhulks
  5 dire elephants
  A deep elf annihilator (Vaults:5)
  3 spark wasps
  Azrael (D:14)
  Snorg (Orc:1)
  An eidolon (Vaults:2)
  A crystal guardian (Vaults:4)
  An ettin (Orc:2)
  3 deep elf death magi
  10 merfolk impalers
  6 fire dragons
  11 entropy weavers
  4 merfolk javelineers
  An ice dragon (D:15)
  7 yaktaur captains
  3 great orbs of eyes
  26 vault guards
  A peacekeeper (Vaults:4)
  4 radroaches
  9 centaur warriors
  15 hydras
  An ogre mage (Vaults:5)
  4 catoblepae
  5 ironbound frosthearts
  2 two-headed ogres
  4 alligator snapping turtles (Shoals:4)
  2 merfolk avatars (Shoals:4)
  3 merfolk aquamancers
  2 jorogumos (Spider:3)
  11 boulder beetles
  A satyr (Shoals:2)
  A deep troll earth mage (Vaults:5)
  6 orc high priests
  A vampire mage (Vaults:2)
  7 tengu warriors
  Urug (Lair:5)
  13 death yaks
  A shock serpent (shapeshifter) (D:15)
  10 deep elf knights
  Sonja (D:11)
  An iron troll (D:14)
  A skyshark (Shoals:3)
  2 sun moths (Spider:4)
  10 pharaoh ants
  21 deep trolls
  Lodul (D:12)
  12 sea snakes
  11 orb spiders
  10 orc knights
  23 deep elf zephyrmancers
  7 wizards
  Pikel (D:7)
  6 deep elf archers
  12 steelbarb worms
  17 harpies
  10 ironbound convokers
  2 necromancers
  27 ugly things
  26 deep elf pyromancers
  19 wolf spiders
  A stone giant zombie (Vaults:2)
  2 moths of wrath
  15 fauns
  9 cyclopes
  19 manticores
  A stone giant skeleton (Vaults:2)
  A moth of wrath (shapeshifter) (D:13)
  6 elephants (Lair:5)
  8 merfolk sirens
  A guardian serpent (Lair:5)
  7 demonic crawlers
  4 water nymphs
  8 black mambas
  A black mamba (shapeshifter) (D:15)
  12 vault sentinels
  11 torpor snails
  18 cane toads
  Maggie (Lair:1)
  A rime drake (Lair:1)
  7 komodo dragons
  An unseen horror (D:12)
  A tengu conjurer (D:13)
  A human skeleton (Vaults:2)
  7 yaktaurs
  A hellwing (D:14)
  4 trolls
  12 wind drakes
  3 meliai
  4 hornets
  35 merfolk
  An ettin zombie (Vaults:2)
  Grinder (D:6)
  6 polar bears
  18 dream sheep
  8 snapping turtles
  22 tarantellas
  27 blink frogs
  30 culicivoras
  10 slime creatures
  A flying skull (Vaults:2)
  26 jumping spiders
  14 dancing weapons
  7 air elementals
  A human (shapeshifter) (D:14)
  4 fire elementals
  18 wyverns
  17 water elementals
  63 yaks
  Grum (Lair:1)
  10 wraiths
  4 basilisks
  2 hogs (Shoals:2)
  A human (D:9)
  52 redbacks
  A redback simulacrum (D:15)
  6 wargs
  Edmund (D:5)
  2 acid dragons
  19 water moccasins
  9 hell hounds
  Duvessa (D:7)
  50 orc warriors
  An ice beast (D:8)
  12 ogres
  8 boggarts
  20 wolves
  11 centaurs
  A phantom (D:5)
  10 earth elementals
  3 scorpions
  9 bullfrogs
  2 gnoll sergeants
  Dowan (D:7)
  6 killer bees (D:9)
  4 electric eels
  3 howler monkeys
  A human simulacrum (Vaults:2)
  A quasit (D:14)
  2 hounds
  A jelly (D:6)
  Crazy Yiuf (D:5)
  25 orc priests
  3 iguanas
  An iron imp (D:14)
  2 sleepcaps
  Ijyb (D:4)
  20 orc wizards
  10 adders
  10 gnolls
  13 white imps
  An ufetubus (D:7)
  3 dart slugs
  84 orcs
  5 ball pythons
  5 endoplasms
  2 giant cockroaches
  7 goblins
  10 hobgoblins
  5 kobolds
  4 quokkas (D:2)
  2 bats (D:1)
  5 frilled lizards
  7 rats
1442 creatures vanquished.

Vanquished Creatures (collateral kills)
  A quicksilver dragon (Vaults:5)
  A sphinx (shapeshifter) (Vaults:5)
  A fire giant (Vaults:5)
  2 vault wardens
  A war gargoyle (Vaults:5)
  An ironbound preserver (Vaults:4)
  A deep elf high priest (Vaults:5)
  A merfolk impaler (Shoals:4)
  A yaktaur captain (Vaults:1)
  Josephine (Lair:3)
  4 vault guards
  A merfolk aquamancer (Shoals:1)
  An orc high priest (Orc:2)
  A deep elf knight (Vaults:5)
  2 orc knights (Orc:2)
  An ugly thing (D:14)
  A deep elf zephyrmancer (Orc:2)
  A yaktaur (Vaults:3)
  5 merfolk
  A polar bear (Lair:3)
  A water elemental (Shoals:1)
  An ogre (D:5)
  A centaur (D:15)
  A howler monkey (D:9)
  5 orc priests (Orc:2)
  An iguana (D:5)
  6 orcs
45 creatures vanquished.

Vanquished Creatures (others)
  A tentacled monstrosity (Vaults:5)
  A fire giant (Vaults:5)
  A vault warden (Vaults:5)
  A stone giant (Vaults:5)
  A deep elf high priest (Vaults:5)
  2 yaktaur captains (Vaults:5)
  3 vault guards (Vaults:5)
  A deep elf knight (Elf:1)
  A deep elf archer (Vaults:5)
  A deep elf pyromancer (Elf:1)
  20 dancing weapons
  A merfolk (Shoals:1)
  A tarantella (Spider:2)
  A wolf (shapeshifter) (Elf:1)
  An orc priest (Orc:2)
  14 spectral weapons
  74 tentacles
125 creatures vanquished.

Grand Total: 1612 creatures vanquished

Notes
Turn   | Place    | Note
-------+----------+-------------------------------------------
     0 | D:1      | Fymir27 the Kobold Enchanter began the quest for the Orb.
     0 | D:1      | Reached XP level 1. HP: 10/10 MP: 3/3
   134 | D:1      | Reached XP level 2. HP: 15/15 MP: 5/5
   139 | D:1      | Learned a level 2 spell: Ensorcelled Hibernation
   806 | D:1      | Reached XP level 3. HP: 19/20 MP: 3/6
  1380 | D:2      | Reached skill level 5 in Stealth
  1382 | D:2      | Reached skill level 1 in Fighting
  1382 | D:2      | Reached XP level 4. HP: 25/25 MP: 1/7
  1390 | D:2      | Learned a level 3 spell: Confusing Touch
  2239 | D:3      | Reached XP level 5. HP: 29/29 MP: 5/8
  2404 | D:3      | Found a stormy altar of Qazlal.
  3217 | D:4      | Found Byogaziu's Jewellery Emporium.
  3526 | D:4      | Reached XP level 6. HP: 35/35 MP: 4/9
  3666 | D:4      | Reached skill level 6 in Stealth
  3801 | D:4      | Noticed Ijyb
  3805 | D:4      | Killed Ijyb
  4078 | D:4      | Found a blossoming altar of Fedhas.
  4116 | D:5      | Entered Level 5 of the Dungeon
  4244 | D:5      | Learned a level 3 spell: Tukima's Dance
  4287 | D:5      | Found a staircase to the Ecumenical Temple.
  4294 | Temple   | Entered the Ecumenical Temple
  4351 | Temple   | Became a worshipper of Gozag Ym Sagoz the Greedy
  4649 | D:5      | Reached XP level 7. HP: 40/40 MP: 8/11
  4841 | D:5      | Reached skill level 7 in Stealth
  4897 | D:5      | Noticed Edmund
  4992 | D:5      | Reached skill level 5 in Hexes
  5005 | D:5      | Learned a level 3 spell: Dazzling Flash
  5158 | D:5      | Found a glowing golden altar of the Shining One.
  5277 | D:5      | Killed Edmund
  5278 | D:5      | Reached skill level 1 in Ice Magic
  5278 | D:5      | Reached XP level 8. HP: 46/46 MP: 1/12
  5398 | D:5      | Found a runed translucent door.
  5401 | D:5      | Noticed Crazy Yiuf
  5406 | D:5      | Killed Crazy Yiuf
  5970 | D:6      | Learned a level 2 spell: Wereblood
  6340 | D:6      | Noticed Grinder
  6574 | D:7      | Noticed a wyvern
  6601 | D:7      | Noticed Pikel
  6613 | D:7      | Killed Pikel
  6614 | D:7      | Reached skill level 5 in Short Blades
  6614 | D:7      | Reached skill level 5 in Dodging
  6614 | D:7      | Reached skill level 8 in Stealth
  6614 | D:7      | Reached XP level 9. HP: 48/52 MP: 1/13
  6819 | D:7      | Found a white marble altar of Elyvilon.
  7018 | D:7      | Noticed Dowan
  7065 | D:7      | Noticed Duvessa
  7194 | D:7      | Found a transporter.
  7194 | D:7      | Found a transporter.
  7640 | D:8      | Noticed a hornet
  7642 | D:8      | Killed a hornet
  7674 | D:8      | Reached skill level 1 in Shields
  7941 | D:8      | Noticed a hornet
  7945 | D:8      | Killed a hornet
  8033 | D:8      | Found a basalt altar of Yredelemnul.
  8354 | D:9      | Reached skill level 9 in Stealth
  8406 | D:6      | Killed Grinder
  8407 | D:6      | Reached skill level 5 in Fighting
  8466 | D:7      | Killed Dowan
  8475 | D:7      | Killed Duvessa
  8570 | D:8      | Reached XP level 10. HP: 59/59 MP: 11/14
  8695 | D:10     | Entered Level 10 of the Dungeon
  9052 | D:9      | Found a hazy altar of Hepliaklqana.
  9056 | D:9      | Identified the +12 war axe of the Beast {heavy, rCorr}
  9169 | D:9      | Found a staircase to the Orcish Mines.
  9196 | D:9      | Identified the +4 whip of War {heavy, rC++ Int+5}
  9751 | D:9      | Reached skill level 10 in Stealth
 10085 | D:10     | Found a staircase to the Lair.
 10320 | D:10     | Reached XP level 11. HP: 66/66 MP: 15/15
 11220 | Lair:1   | Entered Level 1 of the Lair of Beasts
 11329 | Lair:1   | Reached skill level 11 in Stealth
 11342 | Lair:1   | Noticed Maggie
 11346 | Lair:1   | Killed Maggie
 11436 | Lair:1   | Noticed a boulder beetle
 11440 | Lair:1   | Killed a boulder beetle
 11629 | Lair:1   | Noticed Grum
 11634 | Lair:1   | Killed Grum
 12257 | Lair:1   | Reached XP level 12. HP: 72/73 MP: 8/19
 12330 | Lair:1   | Reached skill level 5 in Spellcasting
 13293 | Lair:2   | Reached skill level 12 in Stealth
 13636 | Lair:2   | Noticed a death yak
 13636 | Lair:2   | Noticed a death yak
 13996 | Lair:2   | Reached skill level 10 in Short Blades
 14135 | Lair:2   | Found a hole to the Spider Nest.
 14343 | Lair:2   | Noticed a death yak
 14372 | Lair:3   | Found a shadowy altar of Dithmenos.
 14688 | Lair:3   | Noticed a four-headed hydra
 14695 | Lair:3   | Killed a four-headed hydra
 14904 | Lair:3   | Noticed a seven-headed hydra
 14913 | Lair:3   | Killed a seven-headed hydra
 14914 | Lair:3   | Reached skill level 13 in Stealth
 14981 | Lair:3   | Reached skill level 10 in Dodging
 14998 | Lair:3   | Noticed Josephine
 15310 | Lair:2   | Reached XP level 13. HP: 80/80 MP: 15/20
 15787 | Orc:1    | Entered Level 1 of the Orcish Mines
 16121 | D:11     | You fall into a shaft and drop 3 floors!
 16245 | D:14     | Learned a level 1 spell: Slow
 16257 | D:14     | Noticed Azrael
 16319 | D:14     | Noticed a centaur warrior
 16322 | D:14     | Killed a centaur warrior
 16630 | D:12     | Reached skill level 10 in Hexes
 16671 | D:12     | Reached skill level 10 in Fighting
 16671 | D:12     | Reached skill level 14 in Stealth
 17109 | D:11     | Found a hazy altar of Hepliaklqana.
 17437 | D:11     | Noticed Sonja
 17439 | D:11     | Killed Sonja
 18016 | D:12     | Noticed Lodul
 18020 | D:12     | Killed Lodul
 18771 | D:12     | Identified the ring of Wosakkin {rC+ Will- Dex+3 SInv}
 19057 | D:13     | Reached XP level 14. HP: 86/88 MP: 9/21
 19726 | D:14     | Reached skill level 15 in Stealth
 20199 | D:14     | Found a gate to the Vaults.
 20333 | D:14     | Killed Azrael
 20624 | D:14     | Noticed Louise
 20627 | D:14     | Killed Louise
 20785 | D:15     | Entered Level 15 of the Dungeon
 20921 | D:15     | Found a sparkling altar of Nemelex Xobeh.
 20995 | D:15     | Reached skill level 5 in Shields
 21002 | D:15     | Found a staircase to the Depths.
 21588 | D:15     | Reached XP level 15. HP: 95/95 MP: 21/24
 21605 | D:15     | Learned a level 3 spell: Ozocubu's Armour
 21929 | D:15     | Found a blossoming altar of Fedhas.
 22291 | Lair:3   | Upgraded the game from 0.30.0-17-ge0270778cf to
                  | 0.30.0-18-gc0e69614cb
 22620 | Lair:1   | Reached skill level 1 in Transmutations
 23713 | Lair:3   | Found a staircase to the Shoals.
 24221 | Lair:3   | Killed Josephine
 24358 | Lair:4   | Reached skill level 1 in Conjurations
 26600 | Lair:5   | Entered Level 5 of the Lair of Beasts
 27557 | Lair:3   | Found a staircase to the Shoals.
 28319 | Orc:1    | Found a runed translucent door.
 28319 | Orc:1    | Noticed Sensen's ghost (journeyman DgEE)
 28383 | Orc:1    | Killed Sensen's ghost
 28397 | Orc:1    | Noticed an orc warlord
 28413 | Orc:1    | Killed an orc warlord
 28422 | Orc:1    | Reached XP level 16. HP: 69/103 MP: 7/27
 29187 | Orc:2    | Entered Level 2 of the Orcish Mines
 29308 | Orc:2    | Noticed Snorg
 29344 | Orc:1    | Killed Snorg
 29861 | Orc:1    | Learned a level 5 spell: Metabolic Englaciation
 30131 | Orc:2    | Found a staircase to the Elven Halls.
 30590 | Orc:2    | Reached skill level 15 in Short Blades
 31200 | Orc:2    | Found Jewk's Book Emporium.
 31200 | Orc:2    | Found Koconia's Magic Scroll Emporium.
 31210 | Orc:2    | Reached skill level 5 in Ice Magic
 31256 | Orc:2    | Found Xauro's Armour Emporium.
 31256 | Orc:2    | Found Zuneogeh's Assorted Antiques.
 31259 | Orc:2    | Bought a book of Burglary for 220 gold pieces
 31259 | Orc:2    | Bought a book of Hexes for 396 gold pieces
 31263 | Orc:2    | Bought a scroll of vulnerability for 56 gold pieces
 31264 | Orc:2    | Bought a pair of glowing gloves for 202 gold pieces
 31281 | Orc:2    | Bought the +0 troll leather armour "Sapsiwyta" {rElec
                  | Regen+} for 406 gold pieces
 31953 | D:9      | Learned a level 4 spell: Cause Fear
 32082 | Spider:1 | Entered Level 1 of the Spider Nest
 32302 | Spider:1 | Reached skill level 1 in Armour
 32983 | Spider:1 | Learned a level 3 spell: Swiftness
 33088 | Spider:1 | Reached skill level 1 in Air Magic
 33126 | Spider:1 | Reached XP level 17. HP: 98/109 MP: 29/29
 34225 | Spider:2 | Learned a level 4 spell: Passage of Golubria
 34515 | Spider:2 | Reached skill level 1 in Translocations
 36719 | Spider:3 | Got the Encyclopedia of Vitiation
 37841 | D:10     | Bought the ring of the Lobster {+Blink rCorr Dex+4} for 593
                  | gold pieces
 38002 | Spider:4 | Entered Level 4 of the Spider Nest
 38039 | Spider:4 | Reached skill level 1 in Evocations
 38156 | Spider:4 | Reached skill level 5 in Translocations
 38347 | Spider:4 | Reached XP level 18. HP: 116/116 MP: 6/31
 38590 | Lair:4   | Reached skill level 15 in Dodging
 39864 | Lair:5   | Reached skill level 5 in Evocations
 40229 | Lair:5   | Reached skill level 10 in Spellcasting
 40460 | Lair:5   | Found a staircase to the Slime Pits.
 40588 | Lair:5   | Noticed Urug
 40592 | Lair:5   | Killed Urug
 41058 | Lair:5   | Identified a scroll of acquirement
 41221 | Lair:5   | Acquired the +4 dagger "Yhielon" {spect, Dex+2}
 41335 | Shoals:1 | Entered Level 1 of the Shoals
 41376 | Shoals:1 | Noticed Aizul
 41376 | Shoals:1 | Noticed Nikola
 41576 | Lair:3   | Killed Aizul
 44627 | Shoals:1 | Killed Nikola
 45069 | Shoals:2 | Noticed Polyphemus
 45075 | Shoals:2 | Killed Polyphemus
 45076 | Shoals:2 | Reached XP level 19. HP: 122/122 MP: 18/33
 45297 | Shoals:2 | Learned a level 7 spell: Enfeeble
 45315 | Shoals:2 | Noticed Mlioglotl
 45373 | Shoals:2 | Killed Mlioglotl
 45656 | Shoals:2 | Noticed Kirke
 45660 | Shoals:2 | Killed Kirke
 46896 | Shoals:3 | Reached skill level 15 in Fighting
 47999 | Shoals:4 | Entered Level 4 of the Shoals
 48031 | Shoals:4 | Got the Excursus on Posthumous Translocation
 48379 | Shoals:4 | Found Vaec's Jewellery Emporium.
 48671 | Shoals:4 | Identified the amulet "Duogaq" {Acrobat rN++ MP+9 Str+4
                  | Dex-5}
 48766 | Shoals:4 | Found Ninurta's Dragon-Slaying Spoils.
 49492 | Shoals:4 | Reached skill level 16 in Stealth
 49931 | Shoals:4 | HP: 5/124 [kraken (42)]
 50165 | Shoals:4 | Reached skill level 15 in Hexes
 50214 | Shoals:4 | Got a barnacled rune of Zot
 51659 | Shoals:3 | Identified the +1 leather armour of the Accordion {rElec
                  | SInv}
 52136 | Spider:4 | Reached XP level 20. HP: 131/131 MP: 34/34
 52876 | Spider:4 | Got a gossamer rune of Zot
 54041 | Vaults:1 | Entered Level 1 of the Vaults
 54158 | Vaults:1 | Reached skill level 17 in Stealth
 54608 | Vaults:1 | Upgraded the game from 0.30.0-18-gc0e69614cb to
                  | 0.30.0-19-g36f170ea60
 56382 | Vaults:2 | Found a staircase to the Crypt.
 56702 | Vaults:2 | Found Ywne's Weapon Emporium.
 57799 | Vaults:2 | Reached XP level 21. HP: 137/137 MP: 35/35
 58009 | Vaults:2 | Found Biotsixt's Assorted Antiques.
 58013 | Vaults:2 | Bought a potion of cancellation for 240 gold pieces
 58013 | Vaults:2 | Bought 2 scrolls of teleportation for 180 gold pieces
 58013 | Vaults:2 | Bought a shimmering scarf for 300 gold pieces
 58013 | Vaults:2 | Identified the scarf of Anaesthesia {repulsion, Fly rF+
                  | Slay+4} (You bought it in a shop on level 2 of the Vaults)
 58179 | Vaults:2 | Reached skill level 18 in Stealth
 58775 | Vaults:2 | Found Ywos's General Store.
 58780 | Vaults:2 | Bought a scroll of teleportation for 36 gold pieces
 58891 | Vaults:3 | Noticed Boris
 58895 | Vaults:3 | Killed Boris
 59800 | Vaults:3 | Noticed Sojobo
 59806 | Vaults:3 | Killed Sojobo
 60087 | Vaults:3 | Identified the +8 glaive of Soxehoc {drain, Str+3}
 62956 | Vaults:4 | Reached XP level 22. HP: 145/145 MP: 27/37
 63126 | Vaults:4 | Reached skill level 19 in Stealth
 64272 | Elf:1    | Entered Level 1 of the Elven Halls
 64345 | Elf:1    | Acquired the +1 hat "Veogas" {rPois rF++ Will+ Slay-6}
 64449 | Elf:1    | Learned a level 5 spell: Yara's Violent Unravelling
 65615 | Elf:1    | Paralysed by an air elemental for 1 turns
 67987 | Elf:1    | Reached skill level 5 in Transmutations
 69292 | Elf:2    | Found a runed translucent gate.
 69292 | Elf:2    | Found a runed translucent gate.
 69292 | Elf:2    | Found a runed translucent gate.
 69901 | Vaults:5 | Entered Level 5 of the Vaults
 70343 | Vaults:5 | Identified the +3 arbalest "Stringbean" {heavy, rPois rF+}
 70403 | Vaults:5 | Reached XP level 23. HP: 106/152 MP: 37/39
 70436 | Vaults:5 | Reached skill level 20 in Stealth
 70713 | Vaults:5 | Noticed a golden dragon
 70756 | Vaults:5 | Killed a golden dragon
 70804 | Vaults:5 | Noticed a golden dragon
 70861 | Vaults:5 | Killed from afar by a titan

Illustrated notes

Levels and vault maps discovered:
D:1:      minmay_arrival_solitary_statue, layout_basic
D:2:      layout_rooms
D:3:      layout_loops_cross, overflow_temple_1_default, kennysheep_doodads,
          grunt_ministairs_4
D:4:      layout_basic, lemuel_tele_altar, serial_shops, nicolae_shop_crystal,
          uniq_ijyb
D:5:      layout_loops_ring, lemuel_crystal_altar, minmay_temple_entry_junction,
          uniq_crazy_yiuf_cottage, uniq_edmund
D:6:      layout_rooms, uniq_grinder
D:7:      layout_rooms, nicolae_elyvilon_temple_path, nzn_ghost_randoct,
          serial_curves, eino_curves_02, eino_curves_02, uniq_pikel,
          uniq_duvessa
D:8:      layout_basic, kennysheep_little_box
D:9:      layout_basic, mainiacjoe_overflow_alcove_1, erik_orc_4
D:10:     layout_basic, lair_entry_dummy
D:11:     layout_roguey, portal_ice_cave_entry_imps, kennysheep_diamond,
          kennysheep_opposing_triangles, uniq_sonja
D:12:     layout_loops_ring, uniq_lodul
D:13:     layout_cave_pools, gauntlet_entry_generic
D:14:     kennysheep_demon_hangout, layout_long_grid, david_vaults_4,
          chequers_decorated_corner, uniq_louise, uniq_azrael
D:15:     grunt_enter_depths_hoard, layout_basic, nemelex_spade_bored_becter,
          fedhas_altar_2
Temple:   compressed_dpeg_triangle_lava_temple
Lair:1:   layout_cave_pods, serial_forest, infiniplex_forest_clump_diagonal,
          infiniplex_forest_clump_cross, infiniplex_forest_3_way,
          infiniplex_forest_straight_3, infiniplex_forest_corner_1,
          infiniplex_forest_lined_room_2, infiniplex_forest_lined_room_2,
          lightli_volcano_entry_magma_tube, cheibrodos_lair_lostbears,
          uniq_maggie, uniq_grum
Lair:2:   layout_cave_pods, hellmonk_spider_entry_life_and_decay
Lair:3:   layout_regular_city, nicolae_shoals_entry_roost, basic_altar,
          kilobyte_rumbling_trees, uniq_josephine
Lair:4:   layout_cave_shapes, grunt_megastairs_1
Lair:5:   hangedman_lair_tendril_chambers, layout_misc_corridors, slime_entry_1,
          st_stairs_4, uniq_urug
Shoals:1: layout_shoals, uniq_aizul, uniq_nikola
Shoals:2: layout_shoals, nicolae_shoals_kraken_intersection, uniq_kirke,
          uniq_mlioglotl, uniq_polyphemus
Shoals:3: layout_shoals, nicolae_shoals_pincushion_passage
Shoals:4: shoals_end_hangedman, layout_shoals, serial_shops,
          nicolae_shop_temple_entry_statues_fountains, nicolae_shop_dragon_depot
Spider:1: nicolae_spider_broodchamber
Spider:2: layout_spider_delve
Spider:3: layout_chambers, nicolae_spider_bug_shape
Spider:4: hellmonk_spider_rune_bug_friends, nicolae_spider_not_touching_you
Orc:1:    layout_caves, gammafunk_ghost_grave
Orc:2:    st_orc_pillars, layout_diamond_mine, elves_outpost_lemuel, uniq_snorg
Elf:1:    minmay_elf_arrival_summoners, layout_geoelf_diagonals,
          hangedman_corner_corridor, nicolae_elf_loose_elemental_storage
Elf:2:    nicolae_elf_blades_splatter_lattice [nicolae_blade_lattice],
          layout_loops_cross, special_room [special_room_mythical_zoo]
Vaults:1: nicolae_vaults_six-pack, hangedman_vaults_stretched_pinwheel,
          nicolae_vaults_swerve, v_misc_31, nicolae_vaults_house_3,
          vaults_dpeg_hooks, v_misc_2, vaults_room_door_ring,
          nicolae_vaults_more_shelving_2, v_alt_pattern_4, v_alt_pattern_4,
          vaults_room_large_hall, nicolae_vaults_trapezoid_lopsided_1,
          layout_vaults_maze
Vaults:2: nicolae_vaults_tangram_1, minmay_crypt_entry_simple_walls,
          nicolae_vaults_storage_closets_2, ontoclasm_vaults_gateway,
          vaults_dpeg_emergency_exit, v_misc_9,
          nicolae_vaults_mini_display_case, nicolae_vaults_octothorpe,
          nicolae_vaults_variable_pillar_hall_cross,
          nicolae_vaults_little_squares_1, nicolae_vaults_shelves_hall,
          nicolae_vaults_little_squares_5, v_misc_17, layout_vaults_omnibox,
          serial_shops, nicolae_shop_peninsula, shop, shop
Vaults:3: hangedman_vaults_trim, nicolae_vaults_network_square,
          nicolae_vaults_turnstiles, nicolae_vaults_gold_heap,
          nicolae_vaults_cochlea, nicolae_vaults_yaktaur_gun_rack,
          nicolae_vaults_little_squares_3, layout_vaults_omnigrid, uniq_boris,
          uniq_sojobo, uniq_margery
Vaults:4: nicolae_vaults_little_ls, nicolae_vaults_little_squares_2,
          nicolae_vaults_hexular_roomagon, nicolae_vaults_big_angled_halls,
          v_misc_16, nicolae_vaults_prndl, nicolae_vaults_tetromino_L_1,
          dpeg_vaults_monster_row, v_rooms_3, nicolae_vaults_closet_pinwheel_3,
          hangedman_vaults_pinch, nicolae_vaults_trapezoid_lopsided_4,
          layout_vaults_omnicross
Vaults:5

Skill      XL: |  1  2  3  4  5  6  7  8  9 10 11 12 13 14 15 16 17 18 19 20 21 22 23 |
---------------+----------------------------------------------------------------------+-----
Short Blades   | 2 3 4 5 6 7 9 10 12 13 14 15 | 15.3
Stealth        | 5 6 7 8 9 10 11 13 14 15 16 17 18 19 20 | 20.2
Fighting       | 1 2 3 4 5 6 7 9 10 11 12 13 14 15 16 17 18 | 18.3
Dodging        | 3 4 5 6 7 8 10 11 12 13 14 15 17 18 19 | 19.7
Hexes          | 4 5 6 7 8 9 10 11 12 13 14 15 16 17 18 | 18.7
Spellcasting   | 3 4 5 6 7 8 9 10 11 12 | 12.1
Ice Magic      | 1 3 4 6 |  6.0
Shields        | 2 4 5 |  5.0
Transmutations | 4 5 6 |  6.4
Conjurations   | 2 4 |  4.0
Armour         | 3 |  3.0
Air Magic      | 1 4 |  4.0
Translocations | 5 8 |  8.4
Evocations     | 3 7 |  7.0

Action                     |  1- 3 |  4- 6 |  7- 9 | 10-12 | 13-15 | 16-18 | 19-21 | 22-24 || total
---------------------------+-------+-------+-------+-------+-------+-------+-------+-------++-------
  Melee: Dagger            |    35 |    70 |   130 |   328 |   870 |  1395 |  1376 |   692 ||  4896
         Punch             |     1 |       |     2 |       |       |       |       |       ||     3
         Short sword       |       |       |     2 |     5 |     7 |    43 |       |       ||    57
         Whip              |       |       |       |     1 |       |       |       |       ||     1
         War axe           |       |       |       |       |    19 |       |       |       ||    19
         Scimitar          |       |       |       |       |     7 |   130 |     1 |       ||   138
         Rapier            |       |       |       |       |       |       |    43 |   388 ||   431
  Throw: Dart              |       |     2 |     3 |       |     1 |       |       |       ||     6
         Throwing net      |       |       |       |       |     1 |     1 |     7 |    11 ||    20
   Cast: Ensorcelled Hiber |    18 |    38 |    31 |   114 |   159 |   223 |   119 |    23 ||   725
         Tukima's Dance    |       |       |    15 |     1 |    11 |    55 |    48 |    24 ||   154
         Confusing Touch   |       |       |    17 |    26 |    97 |    80 |    25 |     3 ||   248
         Wereblood         |       |       |       |     5 |    19 |     6 |       |       ||    30
         Dazzling Flash    |       |       |       |     2 |     8 |    68 |    52 |    17 ||   147
         Ozocubu's Armour  |       |       |       |       |     8 |    15 |    19 |    15 ||    57
         Metabolic Englaci |       |       |       |       |       |    40 |    60 |    30 ||   130
         Cause Fear        |       |       |       |       |       |    11 |    14 |     5 ||    30
         Enfeeble          |       |       |       |       |       |       |    87 |    80 ||   167
         Passage of Golubr |       |       |       |       |       |       |     1 |     2 ||     3
         Yara's Violent Un |       |       |       |       |       |       |       |    18 ||    18
         Swiftness         |       |       |       |       |       |       |       |     2 ||     2
 Invoke: Call Merchant     |       |       |       |     1 |       |       |       |       ||     1
         Potion Petition   |       |       |       |       |     3 |     7 |       |     4 ||    14
         Bribe Branch      |       |       |       |       |       |       |       |     1 ||     1
Ability: Evoke Blink       |       |       |       |       |       |     2 |     3 |     9 ||    14
  Evoke: Wand              |       |       |     4 |     4 |     6 |     1 |     1 |     6 ||    22
    Use: Potion            |       |     1 |     6 |       |     3 |     3 |     8 |    11 ||    32
         Scroll            |       |     6 |     5 |     6 |    15 |    10 |     5 |     8 ||    55
   Stab: Sleeping          |    27 |    40 |    39 |    82 |   134 |   217 |   164 |    36 ||   739
         Invisible         |       |     1 |       |       |    11 |    84 |   115 |    69 ||   280
         Confused          |       |       |     8 |    21 |    82 |    59 |    28 |     1 ||   199
         Paralysed         |       |       |     1 |       |     2 |       |       |       ||     3
         Distracted        |       |       |       |     1 |     7 |    32 |    36 |    22 ||    98
         Held in net/web   |       |       |       |       |       |     2 |     9 |     5 ||    16
         Fleeing           |       |       |       |       |       |       |     1 |       ||     1
 Armour: Robe              |     2 |    10 |    25 |    34 |    90 |    28 |       |       ||   189
         Troll leather arm |       |       |       |       |       |   150 |   179 |    93 ||   422
         Skin              |       |       |       |       |       |       |       |    16 ||    16
  Dodge: Dodged            |     7 |    43 |    59 |   240 |   726 |  1452 |  1050 |   716 ||  4293
         Repelled          |       |       |       |       |       |       |     4 |    14 ||    18
  Block: Buckler           |       |       |     8 |    53 |   260 |   665 |   431 |   317 ||  1734
